Unix NetHack Version 3.7.0-70 Work-in-progress - last build Jan 20 2023 02:37:49 (416de4da9be3a1557180d233d1398bca634ded6a,branch:master). Game began 2023-01-29 11:57:19, ended 2023-01-29 12:34:19. Gandelf, neutral male human Monk ---- -------- |??-----......| |....%..@....(| |^------q0....| |^| |......| |^|------.----| |^||....|.....| |^||.000|.0.0.| |^|-......00..| |<|>...---....| -------- ------ Gandelf the Initiate St:16 Dx:16 Co:15 In:7 Wi:15 Ch:9 Neutral S:6721 Dlvl:7 $:423 HP:0(59) Pw:47(47) AC:-2 Xp:8/1482 T:5160 Burdened Latest messages: Your knapsack cannot accommodate any more items. You see here a sapphire ring. With great effort you move the boulder. With great effort you move the boulder. The boulder fills a pit. You hit the kobold shaman! The air crackles around the kobold shaman. You hit the kobold shaman! The kobold shaman points all around, then curses. You kill the kobold shaman! You see here a kobold shaman corpse. With great effort you move the boulder. With great effort you move the boulder. The boulder fills a pit. You see here a kobold shaman corpse. With great effort you move the boulder. You see here a kobold shaman corpse. The boulder fills a pit. Your knapsack cannot accommodate any more items. You see here a scroll labeled NR 9. You see here a kobold shaman corpse. You drop 2 uncursed bamboo arrows. You drop a pick-axe. You have a little trouble lifting E - a curved wand. You have a little trouble lifting A - a sapphire ring. You see here a tripe ration. You have a little trouble lifting v - a tripe ration (2 in total). You see here a kobold shaman corpse. Your knapsack cannot accommodate any more items. You see here a scroll labeled NR 9. You see here a kobold shaman corpse. The leocrotta misses! The leocrotta misses! The leocrotta hits! The leocrotta hits! The leocrotta bites! The leocrotta hits! You hit the leocrotta! The leocrotta hits! The leocrotta just misses! The leocrotta hits! You miss the leocrotta. The leocrotta hits! The leocrotta bites! The leocrotta hits! You miss the leocrotta. The leocrotta hits! The leocrotta bites! You die... Do you want your possessions identified? [ynq] (y) q Inventory: Coins $ - 423 gold pieces Weapons n - 6 +0 darts Y - 5 +1 daggers D - the +2 Demonbane Armor Z - an uncursed +0 dwarvish iron helm (being worn) a - an uncursed +2 pair of leather gloves (being worn) k - an uncursed +0 pair of iron shoes (being worn) r - an uncursed +0 elven shield (being worn) b - an uncursed +1 robe (being worn) Comestibles h - 5 uncursed apples M - an uncursed candy bar labeled "Apollo" g - 2 uncursed food rations p - 5 uncursed food rations q - an uncursed partly eaten food ration j - an uncursed fortune cookie K - an uncursed fortune cookie i - 5 uncursed oranges v - 2 uncursed tripe rations Q - an uncursed egg Scrolls z - an uncursed scroll of blank paper x - an uncursed scroll of destroy armor J - an uncursed scroll of destroy armor R - a blessed scroll of fire o - an uncursed scroll of identify d - 2 uncursed scrolls of light G - an uncursed scroll of magic mapping O - an uncursed scroll of remove curse t - an uncursed scroll of teleportation Spellbooks w - an uncursed spellbook of detect food c - a blessed spellbook of healing S - an uncursed spellbook of turn undead Potions m - an uncursed potion of confusion F - an uncursed potion of extra healing L - an uncursed potion of gain ability f - a blessed potion of healing e - 2 uncursed potions of healing H - an uncursed potion of healing P - an uncursed potion of sickness X - an uncursed potion of water Rings A - a cursed ring of hunger Wands E - a cursed wand of create monster (0:12) W - a wand of death (0:6) T - a wand of light (0:13) Tools u - an uncursed leash y - an uncursed skeleton key s - an uncursed tin whistle Gems/Stones B - an uncursed garnet stone I - 2 uncursed opals C - an uncursed worthless piece of blue glass U - 2 uncursed worthless pieces of red glass l - an uncursed worthless piece of violet glass V - 3 uncursed worthless pieces of white glass N - 2 uncursed worthless pieces of yellowish brown glass Gandelf the Monk's attributes: Background: You were an Initiate, a level 8 male human Monk. You were neutral, on a mission for Chih Sung-tzu who was opposed by Shan Lai Ching (lawful) and Huan Ti (chaotic). You were in Sokoban, on level 7. You entered the dungeon 5160 turns ago. You had 1482 experience points, 1078 more were needed to attain level 9. Your score was 6721 before end-of-game adjustments. Basics: You had 0 out of 59 hit points. You had all 47 energy points (spell power). Your armor class was -2. Your wallet contained 423 zorkmids. Autopickup was on for '$?!+/=' plus thrown. Final Characteristics: Your strength was 16 (limit:18/100). Your dexterity was 16 (limit:18). Your constitution was 15 (limit:18). Your intelligence was 7 (limit:18). Your wisdom was 15 (limit:18). Your charisma was 9 (limit:18). Final Status: You were not hungry. You were burdened; movement was slightly slowed. You were empty handed. You had basic skill with martial arts and could have enhanced that. Final Attributes: You were piously aligned. You were sleep resistant. You were poison resistant. You saw invisible. You were warned. You were stealthy. You were guarded. You were fast. You are dead. Miscellaneous: You never encountered a bones level. Total elapsed playing time was 37 minutes. Major events: Turn 1: Gandelf the neutral male human Monk entered the dungeon 952: attained the rank of Novice (level 3) 1043: found Demonbane in a shop 2130: entered the Gnomish Mines 2176: attained the rank of Initiate (level 6) 5047: entered Sokoban 5160: killed by a leocrotta Vanquished creatures: a ghost a giant mimic a large mimic 3 small mimics a tengu an ettin zombie a quivering blob 2 iron piercers an ice vortex a black light a gnome ruler a rust monster a dust vortex 5 bugbears an imp 2 Uruk-hai a rock piercer 2 rock moles 6 gnome leaders a gnomish wizard 2 giant ants 3 floating eyes 3 dwarves 4 kobold shamans a hill orc a rothe a giant bat 6 iguanas a gas spore a hobbit 3 large kobolds 11 hobgoblins 2 giant rats 2 yellow molds 11 gnomes a gecko 3 jackals 2 foxes 2 kobolds 2 goblins 6 lichens 5 newts 107 creatures vanquished. No species were genocided or became extinct. Voluntary challenges: You followed a strict vegan diet. You never hit with a wielded weapon. You read items or engraved 8 times. You never engraved Elbereth. You never genocided any monsters. You never polymorphed an object. You never changed form. You used no wishes. You did not violate any of the special Sokoban rules. Achievements: You attained the rank of Novice. You entered a shop. You entered the Gnomish Mines. You attained the rank of Initiate. You entered Sokoban. The Dungeons of Doom: levels 1 to 8 Level 1: Many altars, a sink. Level 2: Level 3: A general store, an altar to Chih Sung-tzu. Stairs down to The Gnomish Mines. Level 4: A delicatessen. Level 5: An armor shop. Level 6: A throne, some graves. Level 7: Level 8: Stairs up to Sokoban, level 7. The Gnomish Mines: Level 4: Sokoban: Level 7: <- You were here. Unsolved. Final resting place for you, killed by a leocrotta. Game over: ---------- / \ / REST \ / IN \ / PEACE \ / \ | Gandelf | | 423 Au | | killed by a | | leocrotta | | | | | | 2023 | *| * * * | * _________)/\\_//(\/(/\)/\//\/|_)_______ Goodbye Gandelf the Monk... You died in Sokoban on dungeon level 7 with 6679 points, and 423 pieces of gold, after 5160 moves. You were level 8 with a maximum of 59 hit points when you died.